 Dungeon Crawl Stone Soup version 0.30.0-29-ga12c61a403 (webtiles) character file.

Game seed: 12671298281821538638

128 seaoflcl the Covered (level 4, -3/40 HPs)
             Began as a Minotaur Fighter on June 9, 2023.
             Slain by a gnoll
             ... wielding a +0 halberd
              (13 damage)
             ... on level 4 of the Dungeon.
             The game lasted 00:01:54 (2237 turns).

seaoflcl the Covered (Minotaur Fighter)             Turns: 2237, Time: 00:01:54

Health: -3/40      AC:  7    Str: 22    XL:     4   Next: 86%
Magic:  3/3        EV:  9    Int:  5    God:
Gold:   121        SH:  4    Dex: 10    Spells: 3/3 levels left

rFire   . . .        a - +0 war axe
rCold   . . .        c - +0 buckler
rNeg    . . .        b - +0 scale mail
rPois   .            (helmet restricted)
rElec   .            (no cloak)
rCorr   .            (no gloves)
SInv    .            (no boots)
Will    .....        (no amulet) Stlth
                     (no ring)
HPRegen 0.26/turn    (no ring)
MPRegen 0.08/turn

%: no passive effects
@: no status effects
A: horns 2, retaliatory headbutt
a: no special abilities


You were on level 4 of the Dungeon.
You visited 1 branch of the dungeon, and saw 4 of its levels.

You collected 121 gold pieces.

Inventory:

Hand Weapons
 a - a +0 war axe (weapon)
Missiles
 h - 6 javelins (quivered)
 i - 8 boomerangs
 v - 7 poisoned darts
Armour
 b - a +0 scale mail (worn)
 c - a +0 buckler (worn)
Wands
 w - a wand of roots (8)
Scrolls
 e - a scroll of enchant weapon {unknown}
 f - 3 scrolls of identify {unknown}
 g - 3 scrolls of teleportation {unknown}
 l - 2 scrolls of butterflies {unknown}
 n - 2 scrolls of vulnerability {unknown}
 o - a scroll of fog {unknown}
 p - 2 scrolls of noise {unknown}
 t - a scroll of magic mapping {unknown}
 x - 2 scrolls of enchant armour {unknown}
Potions
 d - a potion of might
 j - 3 potions of lignification {unknown}
 k - a potion of haste {unknown}
 m - a potion of heal wounds {unknown}
 q - a potion of degeneration {unknown}
 r - a potion of curing {unknown}
 s - a potion of cancellation {unknown}
 u - a potion of ambrosia {unknown}
 z - a potion of berserk rage {unknown}


   Skills:
 + Level 4.2 Fighting
 * Level 4.2 Axes
 + Level 1.5 Throwing
 + Level 4.3 Armour
 + Level 4.2 Shields


You had 3 spell levels left.
You didn't know any spells.
Your spell library contained the following spells:

 Spells                   Type           Power      Damage    Failure   Level
 Cigotuvi's Dreadful Rot  Necr/Pois/Air  0%         N/A       94%         2
 Ignite Poison            Fire/Tmut/Pois 0%         N/A       99%         3
 Freezing Cloud           Conj/Ice/Air   0%         6-21      100%        5


Dungeon Overview and Level Annotations

Branches:
Dungeon (4/15)
 Temple: D:4-7

Altars:
Hepliaklqana


Innate Abilities, Weirdness & Mutations

You have a pair of horns on your head.
You reflexively headbutt those who attack you in melee.


Message History

z - a clear potion A gnoll comes into view.
It is wielding a +0 club.
A gnoll is nearby!
The gnoll shouts!
You hear a shout!
A gnoll comes into view. It is wielding a +0 halberd.
The gnoll shouts!
A gnoll comes into view. It is wielding a +0 spear.
The gnoll barely misses you.
The gnoll shouts!
You slash the gnoll! You headbutt the gnoll.
You kill the gnoll!
A hobgoblin comes into view.
The gnoll closely misses you. The gnoll hits you with a +0 halberd.
You barely miss the gnoll. Your headbutt misses the gnoll.
The gnoll barely misses you.
You closely miss the gnoll. Your headbutt misses the gnoll.
You block the gnoll's attack. The gnoll barely misses you.
You barely miss the gnoll. You block the gnoll's attack.
You closely miss the gnoll.
You headbutt the gnoll, but do no damage.
The gnoll hits you with a +0 halberd! The gnoll hits you with a +0 halberd.
You barely miss the gnoll. The gnoll hits you with a +0 halberd!
You are too injured to fight recklessly!
There are monsters nearby!
You slash the gnoll! Your headbutt misses the gnoll.
The gnoll is severely wounded.
The gnoll hits you with a +0 halberd!
You hit the gnoll.
The gnoll is severely wounded.
The gnoll barely misses you. The gnoll hits you but does no damage.
You closely miss the gnoll.
The gnoll is severely wounded.
The gnoll hits you with a +0 halberd.
* * * LOW HITPOINT WARNING * * *
Unknown command.
You closely miss the gnoll.
The gnoll is severely wounded.
The gnoll hits you with a +0 halberd!
You die...

#.#..##
......#
#<#.###
#..#.### .
#.###..#
..###
#..#.#.#
.....
#.#.##.#
..g####
#......#
#g..#
###>####
#.@.#####
....####
#...'##)....#
####...#
..... #####.#
#.### ..##
#.# #.# .
###.## #.#
#....# #.#
###..#
####.##
#....#
......#
####.####


You could see a gnoll and a hobgoblin.

Vanquished Creatures
  A gnoll (D:4)
  6 adders
  A worm (D:2)
  4 dart slugs (D:1)
  2 orcs (D:3)
  3 endoplasms
  5 goblins
  3 hobgoblins
  7 jackals
  A quokka (D:1)
  3 ball pythons
  7 bats
  2 frilled lizards (D:3)
  3 kobolds
  3 rats (D:2)
51 creatures vanquished.

Notes
Turn   | Place    | Note
-------+----------+-------------------------------------------
     0 | D:1      | seaoflcl the Minotaur Fighter began the quest for the Orb.
     0 | D:1      | Reached XP level 1. HP: 19/19 MP: 0/0
   303 | D:1      | Reached XP level 2. HP: 24/27 MP: 1/1
   922 | D:2      | Found a faded altar of an unknown god.
   944 | D:2      | Reached XP level 3. HP: 33/33 MP: 2/2
   948 | D:2      | Reached skill level 1 in Throwing
  1084 | D:2      | Found a hazy altar of Hepliaklqana.
  1557 | D:3      | Reached XP level 4. HP: 40/40 MP: 3/3
  2237 | D:4      | Slain by a gnoll

Illustrated notes

Levels and vault maps discovered:
D:1:      saegor_arrival_under_anarchy, layout_loops_corners
D:2:      layout_rooms, ebering_ecumenical_altar_abandoned, basic_altar
D:3:      layout_loops_ring
D:4:      layout_loops_cross, mainiacjoe_overflow_two_lobes

Skill      XL: |  1  2  3  4 |
---------------+-------------+-----
Axes           | 3 4 |  4.2
Fighting       | 4 |  4.2
Throwing       | 1 |  1.5
Armour         | 4 |  4.3
Shields        | 4 |  4.2

Action                     |  1- 3 |  4- 6 || total
---------------------------+-------+-------++-------
  Melee: War axe           |    64 |    37 ||   101
         Headbutt          |     9 |     5 ||    14
 Armour: Scale mail        |    42 |    28 ||    70
  Dodge: Dodged            |    34 |    23 ||    57
  Block: Buckler           |    19 |    11 ||    30
